 Dungeon Crawl Stone Soup version 0.30-a0-847-g17996783a1 (webtiles) character file.

Game seed: 18171552678524335364

29 Korbin06 the Insei (level 2, 0/22 HPs)
             Began as a Demigod Transmuter on Mar 3, 2023.
             Slain by an endoplasm (1 damage)
             ... on level 2 of the Dungeon.
             The game lasted 00:04:49 (369 turns).

Korbin06 the Insei (Demigod Transmuter)              Turns: 369, Time: 00:04:49

Health: 0/22       AC:  6    Str: 11    XL:     2   Next: 81%
Magic:  7/7        EV:  6    Int: 15    God:
Gold:   18         SH: 10    Dex: 14    Spells: 3/4 levels left

rFire   . . .      SeeInvis .    e - +1 short sword (venom)
rCold   . . .      Faith    .    d - +0 tower shield
rNeg    . . .      Spirit   .    g - +0 ring mail
rPois   .          Reflect  .    (no helmet)
rElec   .          Rampage  .    f - +0 cloak
rCorr   .                        (no gloves)
Will    .....                    (no boots)
Stlth   +                        (no amulet)
HPRegen 0.23/turn                (no ring)
MPRegen 0.10/turn                (no ring)

@: no status effects
A: high MP 1, forlorn, divine attributes
a: no special abilities


You were on level 2 of the Dungeon.
You visited 1 branch of the dungeon, and saw 2 of its levels.

You collected 18 gold pieces.

Inventory:

Hand Weapons
 e - a +1 short sword of venom (weapon)
Armour
 a - a +0 robe
 c - a +0 leather armour
 d - a +0 tower shield (worn)
 f - a +0 cloak (worn)
 g - a +0 ring mail (worn)
Potions
 b - a potion of lignification


   Skills:
 + Level 0.8 Fighting
 + Level 0.1 Short Blades
 + Level 2.0 Dodging
 + Level 3.3 Unarmed Combat
 + Level 1.9 Spellcasting
 + Level 2.1 Transmutations


You had 3 spell levels left.
You knew the following spells:

 Your Spells              Type           Power      Damage    Failure   Level
a - Beastly Appendage     Tmut           14%        N/A       99%         1

Your spell library contained the following spells:

 Spells                   Type           Power      Damage    Failure   Level
 Wereblood                Tmut           7%         N/A       100%        2
 Spider Form              Tmut/Pois      4%         N/A       100%        3
 Ice Form                 Ice/Tmut       4%         N/A       100%        4


Dungeon Overview and Level Annotations

Branches:
Dungeon (2/15)


Innate Abilities, Weirdness & Mutations

You have an increased reservoir of magic. (+10% MP)
You shall have no god before yourself.
Your divine heritage dramatically boosts your attributes as you level up.


Message History

The goblin closely misses you.
You finish putting on your +0 tower shield.
You closely miss the frilled lizard. The endoplasm hits you.
You block the goblin's attack.
The frilled lizard bites you but does no damage.
You barely miss the frilled lizard. You block the endoplasm's attack.
The frilled lizard bites you but does no damage.
The goblin closely misses you.
You closely miss the frilled lizard. The endoplasm freezes you.
You are frozen.
The frilled lizard bites you but does no damage.
The goblin hits you with a +0 club. The frilled lizard bites you.
* * * LOW HITPOINT WARNING * * *
The endoplasm hits you but does no damage.
The goblin barely misses you.
You closely miss the frilled lizard. The endoplasm freezes you.
You are frozen.
* * * LOW HITPOINT WARNING * * *
The frilled lizard bites you but does no damage.
The goblin barely misses you.
Casting: Beastly Appendage (safe; 99% risk of failure)
Confirm with . or Enter, or press ? or * to list all spells.
You don't know that spell.
The goblin barely misses you. The endoplasm attacks as you move away!
The endoplasm hits you but does no damage.
The goblin attacks as you move away! You block the goblin's attack.
You see here a worm corpse.
The endoplasm hits you but does no damage.
The endoplasm hits you but does no damage.
You block the goblin's attack. The goblin attacks as you move away!
You block the goblin's attack.
You open the door. You block the endoplasm's attack.
The goblin hits you with a +0 club.
* * * LOW HITPOINT WARNING * * *
Found a stone staircase leading up.
The endoplasm attacks as you move away! The endoplasm hits you.
You die...

#.......###
###.##### #.# ##'##
##...## ##.....##
##...†...##
...#.##.J.......#
......'@g.##.#......
<..#.##.l.#..###....
##.##....#..##
##.((#[.!#...
#..!.##..#. ###..#
.# .## . #. #


You could see an endoplasm, a goblin and a frilled lizard.

Vanquished Creatures
  An adder (D:2)
  A worm (D:2)
  3 ball pythons
  2 endoplasms (D:2)
  A giant cockroach (D:2)
  A goblin (D:1)
  2 hobgoblins (D:1)
  A kobold (D:1)
  2 quokkas (D:2)
14 creatures vanquished.

Notes
Turn   | Place    | Note
-------+----------+-------------------------------------------
     0 | D:1      | Korbin06 the Demigod Transmuter began the quest for the
                  | Orb.
     0 | D:1      | Reached XP level 1. HP: 15/15 MP: 5/5
    78 | D:1      | Reached skill level 3 in Unarmed Combat
   127 | D:2      | Reached XP level 2. HP: 22/22 MP: 5/7
   359 | D:2      | HP: 1/22 [frozen (5)]
   368 | D:2      | HP: 1/22 [goblin/+0 club (2)]
   369 | D:2      | Slain by an endoplasm

Illustrated notes

Levels and vault maps discovered:
D:1:      dpeg_arrival_brainrot, layout_rooms, serial_shops,
          nicolae_diamond_shop, shapermc_ecumenical_altar_petra
D:2:      layout_loops_corners, minmay_pentomino_z4

Skill      XL: |  1 |
---------------+----+-----
Unarmed Combat | 3 |  3.3
Dodging        | 2 |  2.0
Transmutations | 2 |  2.1
Fighting       | |  0.8
Short Blades   | |  0.1
Spellcasting   | |  1.9

Action                     || total
---------------------------++-------
  Melee: Unarmed           ||    21
         Kick              ||     5
         Short sword       ||    29
         Headbutt          ||     1
   Cast: Beastly Appendage ||     3
    Use: Scroll            ||     1
         Potion            ||     2
 Armour: Leather armour    ||     6
         Robe              ||     2
         Ring mail         ||    14
  Dodge: Dodged            ||    28
  Block: Tower shield      ||     6

Table legend: (Time is in decaauts)
 A = Elapsed time spent in this place.
 B = Non-inter-level travel time spent in this place.
 C = Inter-level travel time spent in this place.
 D = Time resting spent in this place.
 E = Time spent auto-exploring this place.
 F = Levels seen in this place.
 G = Mean time per level.
                   A        B        C        D        E       F      G
               +--------+--------+--------+--------+--------+-----+--------+
         Total |    369 |    144 |    225 |      0 |      0 |   2 |  184.5 |
       Dungeon |    369 |    144 |    225 |      0 |      0 |   2 |  184.5 |
               +--------+--------+--------+--------+--------+-----+--------+

Top non-repeatable levels by time:
     D:2: 247 daAuts
     D:1: 121 daAuts
